 Dungeon Crawl Stone Soup version 0.24.0-29-g8ce449bc06 (webtiles) character file.

Game seed: 5969069689666436903, levelgen mode: deterministic

217 PentaManta the Sneak (level 5, 0/25 HPs)
             Began as a Spriggan Assassin on Nov 14, 2019.
             Slain by a gnoll
             ... wielding a +0 club
              (9 damage)
             ... on level 2 of the Dungeon.
             The game lasted 00:07:19 (3865 turns).

PentaManta the Sneak (Spriggan Assassin)            Turns: 3865, Time: 00:07:20

Health: 0/25       AC:  3    Str:  7    XL:     5   Next: 61%
Magic:  6/6        EV: 22    Int: 13    God:
Gold:   97         SH:  0    Dex: 18    Spells: 4/4 levels left

rFire    . . .     SeeInvis +   a - +2 dagger
rCold    . . .     Gourm    .   (shield restricted)
rNeg     . . .     Faith    .   b - +0 robe
rPois    .         Spirit   .   (helmet restricted)
rElec    .         Reflect  .   c - +0 cloak
rCorr    .         Harm     .   (gloves unavailable)
MR       .....                  (boots unavailable)
Stlth    ++++......             (no amulet)
HPRegen  0.08/turn              (no ring)
MPRegen  0.10/turn              (no ring)

@: very quick
A: very small, unfitting armour, see invisible, herbivore, speed 3, slow
metabolism 2
a: no special abilities


You were on level 2 of the Dungeon.
You were near starving.

You visited 1 branch of the dungeon, and saw 3 of its levels.

You collected 97 gold pieces.

Inventory:

Hand Weapons
 a - a +2 dagger (weapon)
Missiles
 d - 14 poisoned darts (quivered)
 l - a curare-tipped dart
Armour
 b - a +0 robe (worn)
 c - a +0 cloak (worn)
Scrolls
 e - a scroll of amnesia {unknown}
 g - 2 scrolls of teleportation
 m - a scroll of fog {unknown}
Potions
 h - a potion of ambrosia {unknown}
 i - a potion of curing {unknown}
 j - a potion of lignification {unknown}
 k - a potion of heal wounds {unknown}
Comestibles
 f - 8 rations


   Skills:
 - Level 1.5 Fighting
 + Level 3.7 Short Blades
 - Level 2.0 Throwing
 * Level 5.9 Dodging
 + Level 7.3 Stealth


You had 4 spell levels left.
You didn't know any spells.
Your spell library was empty.

Dungeon Overview and Level Annotations

Branches:
Dungeon (3/15)

Altars:


Innate Abilities, Weirdness & Mutations

You are very small and have problems with some larger weapons.
You are too small for most types of armour.
You have supernaturally acute eyesight. (SInv)
You are a herbivore.
You cover ground extremely quickly.
You need to consume almost no food.


Message History

Press: ? - help, Shift-Dir - straight line, f/p - gnoll
Aim: a gnoll, wielding a +0 club (moderately wounded)
You throw a poisoned dart. The poisoned dart hits the gnoll.
The gnoll is poisoned.
The gnoll is moderately wounded.
The gnoll hits you with a +0 club.
Throwing (i - inventory. (/) - cycle)
d - 15 poisoned darts (quivered)
Press: ? - help, Shift-Dir - straight line, f/p - gnoll
Aim: a gnoll, wielding a +0 club (heavily wounded, poisoned)
You throw a poisoned dart. The poisoned dart hits the gnoll.
The gnoll looks even sicker.
The gnoll is heavily wounded.
An adder comes into view.
The gnoll closely misses you.
You closely miss the gnoll.
The gnoll is almost dead.
You barely miss the gnoll.
The gnoll is almost dead.
The gnoll hits you with a +0 club!
You die...

##..#..# #.##......)..# #.#.#
##...## #.##..#####..# #.#.#
##### ##..((.#####..# ###.#.#
#.............# #...#.#
######..###.##.##..# ##.###.#
#....†<......(.##..####...##.#
#.####..###.#..##...##.#.#.#.#
#.# #..# #.#..###...........#
#.# #..###.#@.# ##.##.#.#.###
#.# #.(.S..#g.# #.###...## #.#
#.##...#..# #.# ##.## #.#
#.#.#.....# #.# #.# #.#
#.........# #.# #.# #.#
#####..#.## #.# #.#
#.########..#(# #.# #.#
#.............#####.####.#
##########...............#


You could see a gnoll.

Vanquished Creatures
  An orc wizard (D:2)
  Terence (D:2)
  4 gnolls
  3 adders
  An ooze (D:2)
  4 worms (D:2)
  3 dart slugs
  6 leopard geckos
  3 orcs (D:2)
  2 ball pythons
  5 giant cockroaches
  7 goblins
  9 hobgoblins
  4 jackals (D:2)
  4 bats (D:1)
  7 frilled lizards
  8 kobolds
  6 rats
78 creatures vanquished.

Notes
Turn   | Place    | Note
-------+----------+-------------------------------------------
     0 | D:1      | PentaManta the Spriggan Assassin began the quest for the
                  | Orb.
     0 | D:1      | Reached XP level 1. HP: 10/10 MP: 2/2
   121 | D:1      | Reached skill level 6 in Stealth
   184 | D:1      | Reached XP level 2. HP: 13/14 MP: 3/3
   656 | D:1      | Reached XP level 3. HP: 16/18 MP: 4/4
  1895 | D:1      | Reached XP level 4. HP: 12/22 MP: 5/5
  2681 | D:2      | Noticed Terence
  2701 | D:2      | Killed Terence
  2701 | D:2      | Reached skill level 5 in Dodging
  2701 | D:2      | Reached skill level 7 in Stealth
  2701 | D:2      | Reached XP level 5. HP: 25/25 MP: 6/6
  3865 | D:2      | Slain by a gnoll

Levels and vault maps discovered:
D:1:      minmay_arrival_plants_in_alcoves, layout_basic, dk_noncrumbling_4
D:2:      layout_loops_ring, uniq_terence
D:3:      layout_loops_cross, first_ration, st_stairs_1

Skill      XL: |  1  2  3  4 |
---------------+-------------+-----
Dodging        | 2 3 4 5 |  5.9
Stealth        | 6 7 |  7.3
Short Blades   | 3 |  3.7
Fighting       | |  1.5
Throwing       | |  2.0

Action                   |  1- 3 |  4- 6 || total
-------------------------+-------+-------++-------
Melee: Dagger            |   189 |   253 ||   442
Throw: Dart              |     5 |    15 ||    20
  Use: Scroll            |       |     2 ||     2
 Stab: Sleeping          |    13 |     4 ||    17
       Distracted        |       |     2 ||     2
Armor: Robe              |    10 |     7 ||    17
Dodge: Dodged            |   125 |   167 ||   292
